 Dungeon Crawl Stone Soup version 0.30.0-20-g3615ddf2f0 (webtiles) character file.

Game seed: 12740528181834967467

60 qw the Chopper (level 4, -1/28 HPs)
             Began as a Gargoyle Fighter on June 1, 2023.
             Slain by a gnoll
             ... wielding a +0 halberd
              (7 damage)
             ... on level 2 of the Dungeon.
             The game lasted 00:00:28 (878 turns).

qw the Chopper (Gargoyle Fighter)                    Turns: 878, Time: 00:00:28

Health: -1/28      AC: 15    Str: 21    XL:     4   Next: 4%
Magic:  4/4        EV:  5    Int:  9    God:
Gold:   57         SH:  4    Dex:  9    Spells: 3/3 levels left

rFire   + . .        Y - +2 war axe
rCold   . . .        c - +0 buckler
rNeg    + . .        f - +0 plate armour {rF+}
rPois   inf          (no helmet)
rElec   +            (no cloak)
rCorr   .            (no gloves)
SInv    .            (no boots)
Will    .....        (no amulet) Stlth
                     (no ring)
HPRegen 0.24/turn    (no ring)
MPRegen 0.09/turn

%: no passive effects
@: no status effects
A: sickness immunity, AC +3, negative energy resistance 1, electricity
resistance, torment resistance 1, petrification resistance
a: no special abilities


You were on level 2 of the Dungeon.
You visited 1 branch of the dungeon, and saw 2 of its levels.

You collected 57 gold pieces.


Innate Abilities, Weirdness & Mutations

You are immune to sickness and miasma.
Your stone body is resilient. (AC +3)
You are immune to poison.
You resist negative energy. (rN+)
You are resistant to electric shocks. (rElec)
You are resistant to unholy torment.
You are immune to petrification.


   Skills:
 - Level 3.2 Fighting
 + Level 3.8 Axes
 - Level 3.2 Armour
 - Level 3.2 Shields


You had 3 spell levels left.
You didn't know any spells.
Your spell library was empty.

Inventory:

Hand Weapons
 i - a +0 club
 Y - a +2 war axe (weapon)
Armour
 c - a +0 buckler (worn)
 f - a +0 plate armour of fire resistance (worn)
Potions
 d - a potion of might
 g - a potion of curing
 m - a potion of brilliance {unknown}

Dungeon Overview and Level Annotations

Branches:
Dungeon (2/15)

Altars:


Message History

The gnoll is heavily wounded.
You closely miss the gnoll. The gnoll hits you with a +0 flail.
The gnoll hits you but does no damage.
You closely miss the gnoll.
The gnoll is heavily wounded.
You closely miss the gnoll. The gnoll barely misses you.
The gnoll hits you but does no damage. The gnoll hits you with a +0 halberd.
The gnoll hits you with a +0 flail.
You slash the gnoll!
You kill the gnoll!
You hit the gnoll. The gnoll hits you but does no damage.
The dart slug briefly extends its eye-stalks.
You slash the gnoll!
The gnoll is severely wounded.
The gnoll hits you but does no damage. You block the gnoll's attack.
You slash the gnoll!
You kill the gnoll!
You have reached level 4!
You feel clever.
You barely miss the worm. The worm bites you but does no damage.
You hit the worm.
The worm is lightly wounded.
The worm bites you but does no damage.
You hit the worm but do no damage. You hit the worm but do no damage.
The worm barely misses you.
You slash the worm!
The worm is severely wounded.
The worm bites you.
You barely miss the worm.
The worm is severely wounded.
A bat comes into view.
The worm bites you but does no damage.
The bat moves out of view.
You slash the worm!
You kill the worm!
You slash the dart slug!
You kill the dart slug!
The gnoll hits you from afar with a +0 halberd!
You die...

#.########
#.%......#
########.#
#.# #.#
#.########
#.........
#.########
#>.....@)#
########)#
g# .b #.#
.. ... .#.


You could see a gnoll and a bat.

Vanquished Creatures
  3 gnolls (D:2)
  A dart slug (D:2)
  A worm (D:2)
  3 ball pythons (D:1)
  2 endoplasms (D:1)
  A giant cockroach (D:1)
  5 goblins (D:1)
  3 hobgoblins
  2 bats (D:1)
  3 kobolds (D:1)
  5 rats (D:1)
29 creatures vanquished.

Notes
Turn   | Place    | Note
-------+----------+-------------------------------------------
     0 | D:1      | qw the Gargoyle Fighter began the quest for the Orb.
     0 | D:1      | Reached XP level 1. HP: 14/14 MP: 1/1
     0 | D:1      | 0 ||| qw: Version: 0.2-a-102-gdf20003
     0 | D:1      | 0 ||| qw: Game counter: 746
     0 | D:1      | 0 ||| qw: Always use a shield: true
     0 | D:1      | 0 ||| qw: God list: Okawaru
     0 | D:1      | 0 ||| qw: Allow faded altars: false
     0 | D:1      | 0 ||| qw: Do Orc after D:15 true
     0 | D:1      | 0 ||| qw: Do second Lair branch before Depths: true
     0 | D:1      | 0 ||| qw: Lair rune preference: random
     0 | D:1      | 0 ||| qw: Plans: Normal, Zot:1-4, Slime:5, God:TSO, Crypt,
                  | Tomb, Pan, Hells, Abyss, Win
     0 | D:1      | 0 ||| PLANNING D:1-11
    20 | D:1      | 20 ||| Stepping ~*~*~tactically~*~*~ (hiding).
    21 | D:1      | 21 ||| Stepping ~*~*~tactically~*~*~ (hiding).
    51 | D:1      | 51 ||| Stepping ~*~*~tactically~*~*~ (stealth).
   204 | D:1      | Reached XP level 2. HP: 19/19 MP: 2/2
   288 | D:1      | 288 ||| Stepping ~*~*~tactically~*~*~ (stealth).
   295 | D:1      | 295 ||| Stepping ~*~*~tactically~*~*~ (stealth).
   431 | D:1      | Reached skill level 3 in Axes
   679 | D:1      | Reached XP level 3. HP: 23/23 MP: 3/3
   764 | D:1      | 764 ||| UPGRADING to +0 plate armour of fire resistance.
   774 | D:1      | 774 ||| DROPPING +0 scale mail.
   775 | D:1      | 775 ||| READING 2 scrolls labelled YBAESH ODWECE.
   776 | D:1      | 776 ||| READING scroll of enchant weapon.
   776 | D:1      | 776 ||| ENCHANTING +1 war axe.
   777 | D:1      | 777 ||| READING scroll labelled FAIROCR VISTUI.
   781 | D:1      | 781 ||| READING scroll labelled XAISEN NIJUJYERYNT.
   782 | D:1      | 782 ||| READING scroll labelled XORUFI HETI.
   783 | D:1      | 783 ||| READING scroll labelled LAAHAN URUQUZE.
   784 | D:1      | 784 ||| READING scroll labelled WAGONN WYARAESK.
   785 | D:1      | 785 ||| DRINKING 2 clear potions.
   854 | D:2      | 854 ||| Stepping ~*~*~tactically~*~*~ (hiding).
   867 | D:2      | HP: 3/23 [gnoll/+0 flail (4)]
   871 | D:2      | Reached XP level 4. HP: 5/28 MP: 4/4
   875 | D:2      | HP: 5/28 [worm (1)]
   878 | D:2      | Slain by a gnoll

Levels and vault maps discovered:
D:1:      amcnicky_arrival_feature_with_door, layout_basic
D:2:      layout_basic, kennysheep_generic_room_5

Skill      XL: |  1  2 |
---------------+-------+-----
Axes           | 2 3 |  3.8
Fighting       | |  3.2
Armour         | |  3.2
Shields        | |  3.2

Action                     |  1- 3 |  4- 6 || total
---------------------------+-------+-------++-------
  Melee: War axe           |    64 |     8 ||    72
    Use: Scroll            |     7 |       ||     7
         Potion            |     1 |       ||     1
 Armour: Scale mail        |    22 |       ||    22
         Plate armour      |     6 |     3 ||     9
  Dodge: Dodged            |    28 |     1 ||    29
  Block: Buckler           |    16 |       ||    16

Table legend:
 A = Non-vault XP
 B = Vault XP
 C = Vault XP percentage of total XP
 D = Non-vault monster count
 E = Vault monster count
 F = Vault count percentage of total count
                 A         B        C        D         E       F
            +---------+---------+-------+---------+---------+-------
      Total |      90 |       0 |   0.0 |      29 |       0 |   0.0
            +---------+---------+-------+---------+---------+-------
        D:1 |      37 |       0 |   0.0 |      23 |       0 |   0.0
        D:2 |      53 |       0 |   0.0 |       6 |       0 |   0.0
            +---------+---------+-------+---------+---------+-------
